 Dungeon Crawl Stone Soup version 0.30-a0-1124-g6e8f0f562f (webtiles) character file.

Game seed: 4933737794753749960

693 themarg the Summoner (level 7, -11/46 HPs)
             Began as a Merfolk Summoner on Apr 23, 2023.
             Was an Initiate of Makhleb.
             Mangled by an orc warrior
             ... wielding a +0 halberd
              (13 damage)
             ... on level 6 of the Dungeon.
             The game lasted 00:10:38 (4578 turns).

themarg the Summoner (Merfolk Summoner)             Turns: 4578, Time: 00:10:39

Health: -11/46     AC:  2    Str:  8    XL:     7   Next: 64%
Magic:  5/10       EV: 12    Int: 17    God:    Makhleb [......]
Gold:   237        SH:  0    Dex: 14    Spells: 4/10 levels left

rFire   . . .        f - +4 dagger (elec)
rCold   . . .        (no shield)
rNeg    . . .        a - +0 robe
rPois   .            (no helmet)
rElec   .            (no cloak)
rCorr   .            (no gloves)
SInv    .            (no boots)
Will    .....        (no amulet)
Stlth   ++           (no ring)
HPRegen 0.27/turn    (no ring)
MPRegen 0.12/turn

%: no passive effects
@: no status effects
A: (nimble swimmer 2), mertail
a: Renounce Religion


You were on level 6 of the Dungeon.
You worshipped Makhleb.
Makhleb was noncommittal.
You visited 1 branch of the dungeon, and saw 6 of its levels.
You also visited: Ossuary.

You collected 237 gold pieces.

Inventory:

Hand Weapons
 f - a +4 dagger of electrocution (weapon)
Missiles
 d - 8 poisoned darts
 g - 31 stones
 o - a throwing net
Armour
 a - a +0 robe (worn)
Jewellery
 u - a ring of protection from cold
Scrolls
 c - a scroll of teleportation
 h - 4 scrolls of immolation
 j - 2 scrolls of fear
 n - 2 scrolls of amnesia
 r - a scroll of enchant weapon {unknown}
 s - a scroll of blinking {unknown}
 y - a scroll of identify
Potions
 b - a potion of magic
 e - 2 potions of resistance
 i - 2 potions of curing {unknown}
 k - a potion of flight {unknown}
 l - a potion of berserk rage {unknown}
 m - 4 potions of heal wounds {unknown}
 p - 2 potions of brilliance {unknown}
 q - 2 potions of mutation
 t - a potion of lignification {unknown}
 v - a potion of ambrosia {unknown}
 w - a potion of might {unknown}
 x - a potion of haste {unknown}


   Skills:
 - Level 2.6 Dodging
 - Level 3.0 Stealth
 - Level 2.0 Spellcasting
 + Level 8.3 Summonings
 + Level 2.5 Air Magic


You had 4 spell levels left.
You knew the following spells:

 Your Spells              Type           Power      Damage    Failure   Level
a - Summon Small Mammal   Summ           100%       N/A       1%          1
b - Call Imp              Summ           58%        N/A       1%          2
c - Call Canine Familiar  Summ           29%        N/A       1%          3

Your spell library contained the following spells:

 Spells                   Type           Power      Damage    Failure   Level
 Summon Guardian Golem    Hex/Summ       15%        N/A       11%         3
 Summon Lightning Spire   Summ/Air       20%        N/A       22%         4
 Vhi's Electric Charge    Tloc/Air       10%        N/A       34%         3
 Arcjolt                  Conj/Air       2%         1d12      97%         5
 Plasma Beam              Fire/Air       2%         2x1d14    100%        6


Dungeon Overview and Level Annotations

Branches:
Dungeon (6/15)            Ossuary (visited)
 Temple: D:4-7

Altars:
Makhleb
Wu Jian

Annotations:
D:3 2 transporters, kuroshi's ghost, amateur DjIE


Innate Abilities, Weirdness & Mutations

((You are very nimble when in or above water. (Stealth+, EV+, Speed+++)))
Your lower body shifts to a powerful aquatic tail in water.


Message History

The orc warrior's wounds heal themselves!
The orc warrior misses your hound.
You closely miss the orc warrior.
Your hound bites the orc warrior but does no damage.
Your hound barely misses the orc warrior.
The orc warrior closely misses you.
You hit the orc warrior but do no damage.
Your hound bites the orc warrior but does no damage.
The orc warrior hits you with a +0 halberd!
You closely miss the orc warrior.
Your hound bites the orc warrior but does no damage.
Your hound barely misses the orc warrior.
The orc priest begins to cast a cantrip, but forgets the words!
The orc warrior hits your hound with a +0 halberd!
You closely miss the orc warrior.
You punch the orc warrior, but do no damage.
Your hound bites the orc warrior but does no damage.
The orc warrior barely misses your hound.
You closely miss the orc warrior.
Your hound closely misses the orc warrior.
Your hound misses the orc warrior.
The orc warrior hits you with a +0 halberd!
You barely miss the orc warrior.
Your hound bites the orc warrior but does no damage.
The orc warrior hits your hound with a +0 halberd!
Your hound dies!
Your hound's corpse disappears in a puff of smoke!
You hit the orc warrior but do no damage.
The orc warrior misses you.
You hit the orc warrior but do no damage.
Lightning courses through the orc warrior!!
The orc warrior is severely wounded.
The orc warrior hits you with a +0 halberd!
* * * LOW HITPOINT WARNING * * *
You hit the orc warrior but do no damage.
The orc warrior is severely wounded.
The orc priest closely misses you. Something hits you.
* * * LOW HITPOINT WARNING * * *
The orc warrior hits you with a +0 halberd!
You die...

##.## ## ..
#...##... ...
+.♣....♣ ....
### #...##...
#..# #.##
##'## ## ...##
#..# #..# ...
#..#####.##
#{##........#
##o@....######
#..#o...#
#..#.....#
#.##.....# ...
#.....#
...........#
....#......##
...........?
..#..#.....


You could see an orc warrior and an orc priest.

Vanquished Creatures
  A water moccasin (D:5)
  An ogre (D:5)
  A centaur zombie (Ossuary)
  A human zombie (Ossuary)
  A hound (D:4)
  5 mummies (Ossuary)
  2 gnolls (D:3)
  6 adders
  A worm (D:2)
  4 dart slugs
  An orc (D:3)
  2 endoplasms
  2 giant cockroaches
  4 goblins
  A hobgoblin (D:2)
  2 quokkas (D:1)
  3 ball pythons (D:2)
  A bat (D:3)
  2 goblin zombies (Ossuary)
  2 hobgoblin zombies (Ossuary)
  2 kobolds
  A kobold zombie (Ossuary)
  An orc zombie (Ossuary)
  4 rats
51 creatures vanquished.

Vanquished Creatures (collateral kills)
  An ogre (D:3)
  A hound (D:4)
  An iguana (D:5)
  A gnoll (D:3)
  3 adders
  2 white imps (D:6)
  A worm (D:4)
  2 dart slugs (D:4)
  3 orcs (D:3)
  5 bats
  3 endoplasms
  2 giant cockroaches (D:1)
  2 hobgoblins
  2 ball pythons
  2 goblins
  A kobold (D:4)
  3 rats
35 creatures vanquished.

Grand Total: 86 creatures vanquished

Notes
Turn   | Place    | Note
-------+----------+-------------------------------------------
     0 | D:1      | themarg the Merfolk Summoner began the quest for the Orb.
     0 | D:1      | Reached XP level 1. HP: 13/13 MP: 3/3
   158 | D:1      | Found a faded altar of an unknown god.
   178 | D:1      | Prayed at the altar of an unknown god.
   178 | D:1      | Became a worshipper of the Wu Jian Council
   178 | D:1      | Reached * piety under Wu Jian
   258 | D:1      | Reached XP level 2. HP: 19/19 MP: 1/5
   261 | D:1      | Learned a level 2 spell: Call Imp
   673 | D:2      | Reached XP level 3. HP: 24/24 MP: 4/6
   952 | D:2      | Reached skill level 5 in Summonings
   993 | D:2      | Reached XP level 4. HP: 17/30 MP: 4/7
  1083 | D:2      | Learned a level 3 spell: Call Canine Familiar
  1202 | D:2      | Reached ** piety under Wu Jian
  1768 | D:3      | Noticed an ogre
  1774 | D:3      | Killed an ogre
  1775 | D:3      | Reached skill level 6 in Summonings
  1775 | D:3      | Reached XP level 5. HP: 35/35 MP: 2/8
  1787 | D:3      | Found a transporter.
  1967 | D:3      | Noticed kuroshi's ghost (amateur DjIE)
  1969 | D:3      | Found a transporter.
  1969 | D:3      | Identified the +1 great mace of Fyompu {venom, rCorr}
  1969 | D:3      | Noticed an ogre
  2457 | D:4      | Found a sand-covered staircase.
  2501 | Ossuary  | Entered an ossuary
  2526 | Ossuary  | Reached XP level 6. HP: 41/41 MP: 4/9
  2528 | Ossuary  | Reached skill level 7 in Summonings
  3014 | D:4      | Reached *** piety under Wu Jian
  3162 | D:4      | Reached skill level 1 in Air Magic
  3162 | D:4      | Reached XP level 7. HP: 32/46 MP: 10/10
  3585 | D:5      | Entered Level 5 of the Dungeon
  3847 | D:5      | Reached skill level 8 in Summonings
  4200 | D:5      | Found a burning altar of Makhleb.
  4208 | D:5      | Fell from the grace of Wu Jian
  4208 | D:5      | Became a worshipper of Makhleb the Destroyer
  4578 | D:6      | HP: 2/46 [something (1)]
  4578 | D:6      | Mangled by an orc warrior

Illustrated notes

Levels and vault maps discovered:
D:1:      matt_arrival_refuge, layout_basic,
          shapermc_ecumenical_altar_starsandcircs
D:2:      layout_basic, hex_large
D:3:      layout_basic, gammafunk_ghost_smash, serial_rivers,
          chequers_serial_rivers_micro_b, chequers_serial_rivers_room_b,
          chequers_serial_rivers_micro_a, chequers_serial_rivers_large_a,
          chequers_serial_rivers_small_a
D:4:      layout_cave_pools, enter_ossuary_1, minmay_misc_feat_doors,
          grunt_ministairs_9, chequers_serial_rivers_micro_e
D:5:      layout_basic, mainiacjoe_overflow_six_doors_small,
          minmay_misc_feat_more_columns, hangedman_decor_opposing
D:6:      layout_rooms, kennysheep_little_box, minmay_temple_entry_stoned_glass,
          roderic_lattice_a, grunt_ministairs_5

Skill      XL: |  1  2  3  4  5  6  7 |
---------------+----------------------+-----
Stealth        | 3 |  3.0
Summonings     | 5 6 7 8 |  8.3
Air Magic      | 1 2 |  2.5
Dodging        | |  2.6
Spellcasting   | |  2.0

Action                     |  1- 3 |  4- 6 |  7- 9 || total
---------------------------+-------+-------+-------++-------
  Melee: Unarmed           |    17 |       |       ||    17
         Dagger            |    31 |    87 |    30 ||   148
         Punch             |     1 |       |     2 ||     3
         Tailslap          |       |     1 |       ||     1
   Cast: Summon Small Mamm |    34 |    22 |     7 ||    63
         Call Imp          |     3 |    13 |     6 ||    22
         Call Canine Famil |       |    11 |     8 ||    19
Ability: Whirlwind         |     6 |     1 |       ||     7
         Lunge             |     5 |     7 |       ||    12
    Use: Scroll            |       |     5 |       ||     5
   Stab: Distracted        |     1 |     1 |     1 ||     3
 Armour: Robe              |     7 |    10 |     1 ||    18
  Dodge: Dodged            |    30 |    40 |    15 ||    85

Table legend: (Time is in decaauts)
 A = Elapsed time spent in this place.
 B = Non-inter-level travel time spent in this place.
 C = Inter-level travel time spent in this place.
 D = Time resting spent in this place.
 E = Time spent auto-exploring this place.
 F = Levels seen in this place.
 G = Mean time per level.
                   A        B        C        D        E       F      G
               +--------+--------+--------+--------+--------+-----+--------+
         Total |   4551 |   4289 |    262 |    166 |   3202 |   7 |  650.1 |
       Dungeon |   4201 |   3939 |    262 |     32 |   3202 |   6 |  700.2 |
       Ossuary |    349 |    349 |      0 |    134 |      0 |   1 |  349.0 |
               +--------+--------+--------+--------+--------+-----+--------+

Top non-repeatable levels by time:
     D:4: 886 daAuts
     D:3: 880 daAuts
     D:5: 843 daAuts
     D:2: 834 daAuts
     D:1: 647 daAuts
 Ossuary: 349 daAuts
     D:6: 109 daAuts
